 Dungeon Crawl Stone Soup version 0.29.0-11-gd7f09526c8 (webtiles) character file.

Game seed: 16253233908506407558

524 smilodon the Trooper (level 7, -2/55 HPs)
             Began as a Demonspawn Fighter on Sept 6, 2022.
             Was a Follower of Makhleb.
             Killed from afar by a starcursed mass (10 damage)
             ... with an accursed screaming
             ... on level 2 of the Abyss on Sept 7, 2022.
             The game lasted 00:08:00 (5165 turns).

smilodon the Trooper (Demonspawn Fighter)           Turns: 5165, Time: 00:08:01

Health: -2/55      AC:  9    Str: 19    XL:     7   Next: 2%
Magic:  18/18      EV:  9    Int: 15    God:    Makhleb [*.....]
Gold:   118        SH: 10    Dex: 12    Spells: 6/6 levels left

rFire   + . .      SeeInvis +   a - +0 trident (freeze)
rCold   . . .      Faith    .   c - +0 buckler
rNeg    . . .      Spirit   .   b - +0 scale mail
rPois   .          Reflect  .   (helmet unavailable)
rElec   .          Harm     .   q - +0 cloak
rCorr   .          Rampage  .   (no gloves)
Will    .....                   k - +0 pair of boots
Stlth   ..........              (no amulet)
HPRegen 0.18/turn               i - +6 ring of intelligence
MPRegen 0.16/turn               n - ring of the Feeding Gods {rF+ MP+9}

@: about to teleport
A: antennae 3, large bone plates 2
a: Renounce Religion


You were on level 2 of the Abyss.
You worshipped Makhleb.
Makhleb was aware of your devotion.
You visited 1 branch of the dungeon, and saw 5 of its levels.
You visited the Abyss 1 time.

You collected 118 gold pieces.

Inventory:

Hand Weapons
 a - a +0 trident of freezing (weapon)
Armour
 b - a +0 scale mail (worn)
 c - a +0 buckler (worn)
 k - a +0 pair of boots (worn)
 q - a +0 cloak (worn)
Jewellery
 i - a +6 ring of intelligence (left hand)
 n - the ring of the Feeding Gods (right hand) {rF+ MP+9}
   (You found it on level 4 of the Dungeon)

   [ring of magical power]

   rF:        It protects you from fire.
   MP:        It affects your magic capacity (+9).
Scrolls
 d - a scroll of blinking
 f - 4 scrolls of identify
 g - a scroll of fog
 h - a scroll of enchant weapon
 j - a scroll of vulnerability
 l - a scroll of torment
 m - a scroll of immolation


   Skills:
 - Level 4.6 Fighting
 + Level 3.7 Polearms
 - Level 4.2 Armour
 - Level 3.4 Shields
 - Level 3.7 Invocations


You had 6 spell levels left.
You didn't know any spells.
Your spell library contained the following spells:

 Spells                   Type           Power      Damage    Failure   Level
 Confusing Touch          Hex            0%         N/A       97%         3
 Yara's Violent Unravell  Hex/Tmut       0%         3d3       100%        5
 Enfeeble                 Hex            0%         N/A       100%        7


Dungeon Overview and Level Annotations

Branches:
Dungeon (5/15)
 Temple: D:4-7

Altars:
Makhleb
Nemelex Xobeh

Shops:
D:3 [


Innate Abilities, Weirdness & Mutations

You have a pair of large antennae on your head. (SInv)
You are mostly covered in large bone plates. (SH +6)


Message History

There is a stone staircase leading up, spattered with blood here.
The orc wizard hits you but does no damage.
Space warps around you.
You climb upwards.
There is a stone staircase leading down, spattered with blood here.
You are too injured to fight recklessly!
You closely miss the orc wizard.
The orc wizard hits you with a +1 dagger of distortion.
Space warps horribly around you!
* * * LOW HITPOINT WARNING * * *
You barely miss the orc wizard.
The orc wizard gestures at you while chanting.
You are confused.
The orc wizard hits you with a +1 dagger of distortion.
* * * LOW HITPOINT WARNING * * *
Space warps around you.
* * * LOW HITPOINT WARNING * * *
Okay, then.
You are too confused!
You puncture the orc wizard! You freeze the orc wizard.
The orc wizard is severely wounded.
The orc wizard hits you with a +1 dagger of distortion.
* * * LOW HITPOINT WARNING * * *
You are cast into the Abyss!
This branch contains the abyssal rune of Zot.
You start resting.
You feel less confused.
You start resting.
You sense a monster nearby.
You start resting.
You sense a monster nearby.
You start resting.
A tentacled starspawn comes into view.
A starcursed mass comes into view.
As you read the scroll of teleportation, it crumbles to dust.
You feel strangely unstable.
You feel the power of the Abyss delaying your translocation!
A starcursed mass splits.
A starcursed mass splits.
A chorus of shrieks assaults your mind.
You die...

.. .........
.... .........
#.... .........
#....##........
##.. ..........
.#.... .........
#.....##........
#......@.......
#..............
##......∩......
#X..###.......
...#.# #......
## ## ......
.X.... #XX.#.
.#.


You could see 3 starcursed masses and a tentacled starspawn.

Vanquished Creatures
  A black bear (D:4)
  2 necrophages (D:4)
  A gnoll bouda (D:3)
  An orc priest (D:3)
  Ijyb (D:4)
  An iguana (D:4)
  5 gnolls
  4 adders
  An ufetubus (D:3)
  2 worms (D:3)
  4 dart slugs
  9 orcs
  5 ball pythons
  7 bats
  8 endoplasms
  3 giant cockroaches
  3 goblins
  12 hobgoblins
  2 jackals (D:1)
  6 kobolds
  5 quokkas
  2 frilled lizards (D:2)
  4 rats
89 creatures vanquished.

Notes
Turn   | Place    | Note
-------+----------+-------------------------------------------
     0 | D:1      | smilodon the Demonspawn Fighter began the quest for the
                  | Orb.
     0 | D:1      | Reached XP level 1. HP: 18/18 MP: 1/1
   541 | D:1      | Gained mutation: You are partially covered in large bone
                  | plates. (SH +4) [demonic ancestry]
   541 | D:1      | Reached XP level 2. HP: 21/24 MP: 2/2
  1298 | D:2      | Gained mutation: You are mostly covered in large bone
                  | plates. (SH +6) [demonic ancestry]
  1298 | D:2      | Reached XP level 3. HP: 29/29 MP: 3/3
  1948 | D:2      | Found a burning altar of Makhleb.
  1960 | D:2      | Became a worshipper of Makhleb the Destroyer
  2226 | D:3      | Reached skill level 1 in Invocations
  2226 | D:3      | Gained mutation: You have a pair of small antennae on your
                  | head. [demonic ancestry]
  2226 | D:3      | Reached XP level 4. HP: 27/37 MP: 4/4
  2483 | D:3      | Reached * piety under Makhleb
  2604 | D:3      | Reached XP level 5. HP: 42/42 MP: 6/6
  2752 | D:3      | Found Neryjoc's Antique Armour Emporium.
  2770 | D:3      | Found a sparkling altar of Nemelex Xobeh.
  3848 | D:4      | Identified the ring of the Feeding Gods {rF+ MP+9}
  3956 | D:4      | Gained mutation: You have a pair of antennae on your head.
                  | [demonic ancestry]
  3956 | D:4      | Reached XP level 6. HP: 48/48 MP: 8/8
  3990 | D:4      | Noticed Ijyb
  4004 | D:4      | Killed Ijyb
  4203 | D:4      | Identified the +5 mace "Death Rattle" {vorpal, +Blink Fly
                  | rC+ Dex+3}
  4654 | D:5      | Entered Level 5 of the Dungeon
  5008 | D:4      | Gained mutation: You have a pair of large antennae on your
                  | head. (SInv) [demonic ancestry]
  5008 | D:4      | Reached XP level 7. HP: 37/55 MP: 9/9
  5126 | D:4      | HP: 1/55 [orc wizard/+1 dagger of distortion (2)]
  5126 | Abyss:2  | Cast into level 2 of the Abyss (orc wizard)
  5163 | Abyss:2  | Noticed a tentacled starspawn
  5163 | Abyss:2  | Noticed a starcursed mass
  5165 | Abyss:2  | Killed from afar by a starcursed mass

Illustrated notes

Levels and vault maps discovered:
D:1:      nicolae_arrival_washed_ashore, layout_basic
D:2:      layout_basic, basic_altar, minmay_misc_feat_tower
D:3:      layout_basic, lemuel_crystal_altar, serial_shops, nicolae_square_shop,
          minmay_between
D:4:      layout_cave_pools, kennysheep_small_spiral, abandoned_shop,
          uniq_crazy_yiuf_cottage, uniq_ijyb
D:5:      layout_loops_ring, minmay_manual_moon
Abyss:2:  base:
D:1

Skill      XL: |  1  2  3  4  5  6 |
---------------+-------------------+-----
Polearms       | 2 3 |  3.7
Armour         | 3 4 |  4.2
Shields        | 3 |  3.4
Invocations    | 1 2 3 |  3.7
Fighting       | 4 |  4.6

Action                   |  1- 3 |  4- 6 |  7- 9 || total
-------------------------+-------+-------+-------++-------
Melee: Trident           |   122 |   185 |     4 ||   311
  Use: Potion            |     7 |       |     1 ||     8
       Scroll            |     6 |     6 |     1 ||    13
Armor: Scale mail        |    31 |    58 |     2 ||    91
Dodge: Dodged            |    28 |    60 |     1 ||    89
Block: Buckler           |    49 |   111 |       ||   160
